AoeStats
← [PLGRS]MrMeseeks

African Clearing

506007641Analyzed
3v3 RM · 20d ago on Sep 12, 2026· 65m 45s· 6 players
Game mode
Random Map
Map size
Normal (6 player)
Population
200
Speed
Normal
Resources
Standard
Victory
Conquest
Starting age
Dark Age
Ending age
Imperial Age
RankedLock teamsTeams togetherTeam positionsShared explorationLock speedFull tech treeHidden civsTurbo modeCheats
Victory
Defeat
🇺🇸 Mongols · United States
926
+17
🇺🇸 Spanish · United States
919
+17
🇺🇸 Persians · United States
918
+17
🇨🇱 Berbers · Chile
1005
-19
🇨🇱 Magyars · Chile
959
-18
🇨🇱 Burgundians · Chile
864
-14
[PLGRS]SahaFresh
3:53 Loom
15:14 Feudal Age
15:45 Horse Collar
16:08 Double-Bit Axe
26:13 Castle Age
25:41 Fletching
27:44 Wheelbarrow
26:41 Pikeman
34:46 Bow Saw
34:32 Light Cavalry
35:23 Bloodlines
35:18 Husbandry
39:47 Imperial Age
37:22 Heavy Plow
37:05 Elite Skirmisher
38:13 Thumb Ring
41:01 Citadels
41:11 Conscription
40:54 Kamandaran
41:38 Wheelbarrow
41:12 Crossbowman
42:22 Ballistics
44:10 Chemistry
43:06 Murder Holes
43:15 Padded Archer Armor
45:20 Bodkin Arrow
45:48 Hand Cart
45:55 Gold Mining
48:26 Leather Archer Armor
48:17 Scale Barding Armor
48:38 Hussar
51:12 Two-Man Saw
50:46 Crop Rotation
57:46 Ring Archer Armor
57:36 Chain Barding Armor
57:02 Heavy Camel Rider
59:08 Guard Tower
59:29 Masonry
61:36 Plate Barding Armor
61:13 Forging
60:57 Halberdier
61:41 Squires
62:44 Scale Mail Armor
65:07 Gold Shaft Mining
64:23 Stone Mining
[PLGRS]MrMeseeks
8:12 Loom
17:10 Feudal Age
22:54 Castle Age
23:23 Double-Bit Axe
23:04 Pikeman
35:35 Elite Skirmisher
36:14 Fletching
37:17 Bodkin Arrow
44:35 Husbandry
44:46 Bloodlines
45:04 Ballistics
51:54 Imperial Age
51:46 Light Cavalry
62:05 Elite Mangudai
67:04 Chemistry
[PLGRS]socrates'11
14:44 Feudal Age
13:00 Loom
15:29 Double-Bit Axe
20:54 Castle Age
19:34 Stone Mining
21:27 Bloodlines
21:50 Bow Saw
25:22 Horse Collar
32:35 Husbandry
34:09 Heavy Plow
34:18 Gold Mining
36:03 Fletching
36:13 Padded Archer Armor
36:51 Elite Skirmisher
39:03 Ballistics
39:22 Wheelbarrow
41:21 Imperial Age
40:45 Bodkin Arrow
41:06 Leather Archer Armor
42:06 Bracer
45:31 Light Cavalry
46:24 Forging
48:07 Chemistry
47:28 Ballistics
47:51 Scale Barding Armor
53:17 Two-Man Saw
52:04 Pikeman
52:45 Squires
59:17 Hussar
61:03 Chain Barding Armor
63:53 Plate Barding Armor
63:54 Iron Casting
63:32 Halberdier
66:04 Conscription
66:24 Hoardings
67:10 Blast Furnace
Ro Kazz
7:47 Wheelbarrow
10:55 Loom
13:37 Horse Collar
16:09 Double-Bit Axe
19:59 Feudal Age
19:21 Gold Mining
21:19 Hand Cart
21:03 Town Watch
22:29 Bow Saw
22:23 Heavy Plow
23:40 Scale Barding Armor
28:59 Castle Age
28:16 Forging
29:42 Gold Shaft Mining
28:58 Stone Mining
29:43 Husbandry
29:53 Cavalier
35:27 Chain Barding Armor
39:02 Iron Casting
41:03 Fletching
42:28 Stone Shaft Mining
43:37 Fervor
45:40 Town Patrol
54:15 Imperial Age
55:25 Paladin
57:12 Crop Rotation
57:21 Plate Barding Armor
58:27 Ballistics
59:56 Blast Furnace
61:36 Conscription
61:26 Burgundian Vineyards
60:44 Elite Coustillier
62:05 Hoardings
63:10 Bodkin Arrow
63:31 Murder Holes
sebassepulvedac
6:53 Loom
13:18 Feudal Age
16:13 Double-Bit Axe
17:44 Wheelbarrow
21:51 Gold Mining
25:52 Castle Age
23:54 Fletching
28:41 Town Watch
29:16 Hand Cart
31:58 Town Watch
32:10 Elite Skirmisher
39:09 Thumb Ring
41:26 Ballistics
41:02 Murder Holes
41:18 Masonry
44:29 Imperial Age
43:19 Corvinian Army
43:29 Stone Mining
45:00 Bow Saw
45:02 Bodkin Arrow
46:17 Padded Archer Armor
46:23 Scale Barding Armor
54:41 Chemistry
54:06 Chain Barding Armor
54:02 Leather Archer Armor
53:47 Bracer
Hidekisan
11:35 Loom
13:46 Feudal Age
18:00 Castle Age
16:14 Double-Bit Axe
16:20 Gold Mining
16:22 Stone Mining
16:30 Stone Mining
17:04 Fletching
19:01 Padded Archer Armor
20:37 Town Watch
26:38 Bodkin Arrow
30:55 Husbandry
32:39 Leather Archer Armor
41:20 Imperial Age
39:41 Ballistics
42:26 Horse Collar
43:59 Chemistry
47:02 Elite Camel Archer
49:48 Ring Archer Armor
51:54 Bloodlines
51:15 Light Cavalry
Connection lost

Rejoining the realm…

Still unreachable

The connection could not be restored.

Session expired

The server has moved on; the page needs a fresh start.